 Dungeon Crawl Stone Soup version 0.30.1-8-g117510f58f (webtiles) character file.

Game seed: 592868473262829316

93 Atelerd the Sneak (level 4, -3/27 HPs)
             Began as an Octopode Earth Elementalist on Sept 23, 2023.
             Slain by Ijyb
             ... wielding a +2 dagger of electrocution
              (17 damage)
             ... while paralysed by Ijyb
             ... on level 3 of the Dungeon.
             The game lasted 00:02:13 (2202 turns).

Atelerd the Sneak (Octopode Earth Elementalist)     Turns: 2202, Time: 00:02:14

Health: -3/27      AC:  1    Str:  7    XL:     4   Next: 61%
Magic:  5/7        EV:  2    Int: 19    God:
Gold:   94         SH:  0    Dex: 12    Spells: 7/8 levels left

rFire   . . .        n - +1 dagger (venom)
rCold   . . .        (no shield)
rNeg    . . .        (helmet restricted)
rPois   .            (no amulet)
rElec   .            (no ring)
rCorr   .            (no ring)
SInv    .            (no ring)
Will    .....        (no ring)
Stlth   +++          (no ring)
HPRegen 0.24/turn    (no ring)
MPRegen 0.10/turn    (no ring)
                     (no ring)

%: no passive effects
@: paralysed
A: almost no armour, amphibious, 8 rings, camouflage 1, gelatinous body 1,
(nimble swimmer 1), tentacles
a: no special abilities


You were on level 3 of the Dungeon.
You visited 1 branch of the dungeon, and saw 3 of its levels.

You collected 94 gold pieces.

Inventory:

Hand Weapons
 f - a +0 dagger
 n - a +1 dagger of venom (weapon)
Scrolls
 b - a scroll of silence {unknown}
 c - 2 scrolls of identify {unknown}
 d - a scroll of fear {unknown}
 g - 2 scrolls of teleportation {unknown}
 h - a scroll of amnesia {unknown}
 i - a scroll of vulnerability {unknown}
 j - a scroll of noise {unknown}
Potions
 a - a potion of magic
 e - a potion of might {unknown}
 k - a potion of curing {unknown}
 l - 2 potions of flight {unknown}
 m - 3 potions of heal wounds {unknown}


   Skills:
 + Level 2.7 Dodging
 + Level 3.8 Stealth
 + Level 2.5 Spellcasting
 + Level 2.0 Transmutations
 + Level 3.5 Earth Magic


You had 7 spell levels left.
You knew the following spells:

 Your Spells              Type           Power      Damage    Failure   Level
a - Sandblast             Erth           30%        2d9       3%          1

Your spell library contained the following spells:

 Spells                   Type           Power      Damage    Failure   Level
 Passwall                 Tmut/Erth      10%        N/A       8%          2
 Blink                    Tloc           4%         N/A       24%         2
 Lesser Beckoning         Tloc           4%         N/A       24%         2
 Momentum Strike          Conj/Tloc      4%         3d8       24%         2
 Stone Arrow              Conj/Erth      18%        3d8       24%         3
 Petrify                  Tmut/Erth      12%        N/A       45%         4


Dungeon Overview and Level Annotations

Branches:
Dungeon (3/15)

Altars:

Annotations:
D:3 Ijyb


Innate Abilities, Weirdness & Mutations

You cannot wear most types of armour.
You are amphibious.
You can wear up to eight rings at the same time.
Your skin changes colour to match your surroundings (Stealth+).
Your rubbery body absorbs attacks. (AC +1, EV +1)
((You are camouflaged when in or above water. (Stealth+)))
You have tentacles for arms and can constrict up to eight enemies at once.


Message History

You miscast Sandblast.
You are very lightly contaminated with residual magic.
Nothing appears to happen.
The hobgoblin closely misses you.
A hobgoblin is nearby!
A hobgoblin is nearby!
You hit the hobgoblin. You grab the hobgoblin.
The hobgoblin is almost dead.
You constrict the hobgoblin.
You kill the hobgoblin!
No target in view!
No target in view!
Your magical contamination has completely faded away.
HP restored.
There is an open door here.
Things that are here:
a +0 dagger; a goblin corpse
Items here: ) [[ †.
Things that are here:
a +0 dagger; a goblin corpse
Things that are here:
a +0 dagger; a goblin corpse A goblin comes into view.
It is wielding a +0 dagger.
A goblin is nearby!
A goblin is nearby!
Ijyb the Twisted Goblin comes into view.
She is wielding a +2 dagger of electrocution and carrying a wand of paralysis (2).
The blast of sand hits Ijyb but does no damage.
The goblin shouts!
You closely miss Ijyb. Your grab misses Ijyb. Ijyb closely misses you.
The blast of sand hits Ijyb but does no damage.
Ijyb zaps a wand.
You suddenly lose the ability to move!
The goblin hits you with a +0 dagger.
Ijyb zaps a wand.
You resist with some effort.
The now-empty wand crumbles to dust.
The goblin hits you with a +0 dagger.
Ijyb hits you with a +2 dagger of electrocution!
The goblin barely misses you. Ijyb screams, "Me kill you!"
Ijyb hits you with a +2 dagger of electrocution.
You are electrocuted!
Ouch! That really hurt!
You die...

##....# ......# ### .
......# ##.# . ..[...#
... .####
...###########.# ....
...).)....).##.###..####
...########.##..........
#.### #)##...g.....#
#...# #.....@......#
###.# #####..g.....# #.#
#........# #.#
#........# #.#
.........# #.#
##........# #.#
.......... #.# ###
########## #.# #.###


You could see Ijyb and a goblin.

Vanquished Creatures
  Robin (D:3)
  2 adders (D:2)
  A dart slug (D:1)
  7 ball pythons
  2 bats (D:1)
  7 endoplasms
  4 giant cockroaches (D:2)
  11 goblins
  4 hobgoblins
  7 kobolds
  2 quokkas (D:1)
  5 rats
53 creatures vanquished.

Notes
Turn   | Place    | Note
-------+----------+-------------------------------------------
     0 | D:1      | Atelerd the Octopode Earth Elementalist began the quest for
                  | the Orb.
     0 | D:1      | Reached XP level 1. HP: 11/11 MP: 3/3
    75 | D:1      | Reached XP level 2. HP: 4/17 MP: 0/5
   591 | D:1      | Reached XP level 3. HP: 21/21 MP: 4/6
  1437 | D:2      | Reached XP level 4. HP: 23/27 MP: 3/7
  2067 | D:3      | Noticed Robin
  2131 | D:3      | Killed Robin
  2195 | D:3      | Noticed Ijyb
  2199 | D:3      | Paralysed by Ijyb for 5 turns
  2202 | D:3      | Slain by Ijyb

Illustrated notes

Levels and vault maps discovered:
D:1:      wander_arrival_abandoned_jail, layout_basic, skrybe_limestone_x,
          kennysheep_decorative_pillar, minmay_pentomino_u4
D:2:      layout_rooms, minmay_misc_feat_diagonals,
          nicolae_kite_square_tiling_tiny, grunt_ministairs_3,
          minmay_statues_item, minmay_worlds_worst_comb
D:3:      layout_basic, dreamdust_ecumenical_altar_hidden_monk_grotto,
          nicolae_goblin_pals

Skill      XL: |  1  2  3  4 |
---------------+-------------+-----
Stealth        | 3 |  3.8
Transmutations | 2 |  2.0
Dodging        | |  2.7
Spellcasting   | |  2.5
Earth Magic    | |  3.5

Action                     |  1- 3 |  4- 6 || total
---------------------------+-------+-------++-------
  Melee: Unarmed           |    16 |       ||    16
         Constrict         |     5 |     1 ||     6
         Tentacles         |     6 |       ||     6
         Dagger            |     6 |     4 ||    10
   Cast: Sandblast         |    44 |    25 ||    69
   Stab: Sleeping          |     1 |       ||     1
 Armour: Skin              |     6 |       ||     6
  Dodge: Dodged            |    22 |     9 ||    31
